 Dungeon Crawl Stone Soup version 0.22-a0-848-ge9e22a0 (webtiles) character file.

1386 Kuinu the Fighter (level 8, -6/74 HPs)
             Began as a Minotaur Fighter on July 26, 2018.
             Was a Follower of Trog.
             Mangled by a two-headed ogre
             ... wielding a +0 giant spiked club
              (16 damage)
             ... on level 6 of the Dungeon.
             The game lasted 00:10:23 (4239 turns).

Kuinu the Fighter (Minotaur Fighter)                Turns: 4239, Time: 00:10:24

Health: -6/74      AC: 12    Str: 23    XL:     8   Next: 40%
Magic:  7/7        EV:  6    Int:  5    God:    Trog [*.....]
Gold:   284        SH: 11    Dex: 15    Spells: 7/7 levels left

rFire    . . .     SeeInvis .   I - +1 falchion (slice)
rCold    . . .     Gourm    .   c - +0 shield
rNeg     . . .     Faith    .   j - +0 chain mail
rPois    .         Spirit   .   B - +1 hat
rElec    .         Reflect  .   (no cloak)
rCorr    .         Harm     .   t - +0 pair of gloves
MR       .....                  (no boots)
Stlth    ..........             (no amulet)
HPRegen  0.22/turn              i - ring of flight
MPRegen  0.10/turn              o - +5 ring of dexterity

@: no status effects
A: retaliatory headbutt, horns 2
a: Berserk, Renounce Religion, Evoke Flight


You were on level 6 of the Dungeon.
You worshipped Trog.
Trog was aware of your devotion.
You were not hungry.

You visited 2 branches of the dungeon, and saw 7 of its levels.

You collected 284 gold pieces.

Inventory:

Hand Weapons
 a - a +0 long sword
 n - a +0 dagger of venom
 y - a +0 long sword
 E - a +0 long sword
 F - a +0 dagger of electrocution
 I - a +1 falchion of slicing (weapon)
Missiles
 h - 8 poisoned javelins (quivered)
Armour
 b - a +0 scale mail
 c - a +0 shield (worn)
 j - a +0 chain mail (worn)
 t - a +0 pair of gloves (worn)
 B - a +1 hat (worn)
 K - the +3 ring mail "Musoeg" {Int+3}
   (You found it on level 5 of the Dungeon)

   It affects your intelligence (+3).
Magical Staves
 H - an uncursed staff of death
Jewellery
 i - a ring of flight (left hand)
 o - a +5 ring of dexterity (right hand)
Scrolls
 d - 4 scrolls of random uselessness
 g - 2 scrolls of enchant weapon
 l - a scroll of remove curse
 v - a scroll of fog
 x - a scroll of amnesia
 z - a scroll of fear
 C - 2 scrolls of magic mapping {unknown}
 D - a scroll of noise {unknown}
Potions
 e - a potion of lignification {unknown}
 k - 3 potions of curing
 m - 4 potions of berserk rage
 p - 2 potions of degeneration {unknown}
 q - 2 potions of flight {unknown}
 r - a potion of ambrosia
 u - 2 potions of agility {unknown}
 w - a potion of haste {unknown}
 A - 2 potions of heal wounds {unknown}
 G - a potion of brilliance {unknown}
Comestibles
 f - 6 rations
 s - 8 chunks of flesh


   Skills:
 * Level 8.2 Fighting
 * Level 7.4 Long Blades
 + Level 6.1 Armour
 + Level 6.1 Shields


You had 7 spell levels left.
You didn't know any spells.
Your spell library was empty.

Dungeon Overview and Level Annotations

Branches:
Dungeon (6/15)             Temple (1/1) D:5

Altars:
Dithmenos
Elyvilon
Fedhas
Gozag
Hepliaklqana
Makhleb
Qazlal
Ru
Sif Muna
Trog
Uskayaw
Vehumet
Wu Jian
The Shining One

Annotations:
D:5 1 runed door, eyesofgods1's ghost, novice DsFi


Innate Abilities, Weirdness & Mutations

You reflexively headbutt those who attack you in melee.
You have a pair of horns on your head.


Message History

The two-headed ogre hits you with a giant spiked club!
You slash the two-headed ogre!
The two-headed ogre is moderately wounded.
You block the two-headed ogre's attack.
The two-headed ogre hits you with a giant spiked club.
You hit the two-headed ogre.
Your headbutt misses the two-headed ogre.
The two-headed ogre is heavily wounded.
A worker ant comes into view.
The two-headed ogre hits you with a giant spiked club!
You block the two-headed ogre's attack.
The worker ant twitches its antennae in your direction.
You hit the two-headed ogre. You headbutt the two-headed ogre!
The two-headed ogre is heavily wounded.
You slash the two-headed ogre!
The two-headed ogre is almost dead.
The two-headed ogre hits you with a giant spiked club!!
* * * LOW HITPOINT WARNING * * *
The two-headed ogre hits you with a giant spiked club!
You die...

#...# #...# #...#
##...# #....#
####....####
#..........#
##..........#########
#....@..............#
#..#.O..###..........#
#. #..#.# #..........#
...##.# #..........#
..## #.###..........#
...# #a##....########
.## #....#.## ..###..#
# ##.##


You could see a two-headed ogre and a worker ant.

Vanquished Creatures
  Eustachio (D:5)
  A phantom (D:4)
  An ice beast (D:5)
  3 ogres
  A centaur (D:5)
  A bullfrog (D:6)
  A howler monkey (D:4)
  A crimson imp (D:6)
  A jelly (D:5)
  A hound (D:6)
  2 orc wizards (D:5)
  A centaur skeleton (D:5)
  2 iguanas
  2 worker ants (D:4)
  Robin (D:2)
  3 gnolls (D:2)
  15 adders
  2 oozes
  An adder skeleton (D:5)
  4 worms
  4 dart slugs
  5 leopard geckos
  13 orcs
  2 ball pythons
  7 bats
  5 giant cockroaches
  7 hobgoblins
  8 jackals
  10 kobolds
  7 quokkas
  5 frilled lizards
  21 goblins
  A jackal zombie (D:4)
  8 rats
148 creatures vanquished.

Notes
Turn   | Place    | Note
-------+----------+-------------------------------------------
     0 | D:1      | Kuinu the Minotaur Fighter began the quest for the Orb.
     0 | D:1      | Reached XP level 1. HP: 19/19 MP: 0/0
   226 | D:1      | Reached XP level 2. HP: 27/27 MP: 1/1
   281 | D:1      | Reached skill level 4 in Fighting
   381 | D:1      | You fall through a shaft!
   394 | D:2      | Reached XP level 3. HP: 24/33 MP: 2/2
   558 | D:1      | Reached XP level 4. HP: 40/41 MP: 3/3
   875 | D:2      | Noticed Robin
   887 | D:2      | Killed Robin
   906 | D:2      | Found a deep blue altar of Sif Muna.
   943 | D:2      | Reached skill level 5 in Fighting
  1079 | D:2      | Reached XP level 5. HP: 45/48 MP: 4/4
  1295 | D:2      | Found a radiant altar of Vehumet.
  1766 | D:3      | Found a stormy altar of Qazlal.
  2523 | D:3      | Found a hide-covered altar of Uskayaw.
  2681 | D:4      | Found an opulent altar of Gozag.
  2791 | D:4      | Reached XP level 6. HP: 53/57 MP: 5/5
  2866 | D:4      | Reached skill level 6 in Fighting
  2866 | D:4      | Reached skill level 5 in Long Blades
  3026 | D:4      | Reached skill level 5 in Shields
  3063 | D:4      | Reached skill level 5 in Armour
  3393 | D:4      | Reached XP level 7. HP: 58/64 MP: 6/6
  3473 | D:5      | Entered Level 5 of the Dungeon
  3484 | D:5      | Found a staircase to the Ecumenical Temple.
  3486 | D:5      | Noticed Eustachio
  3516 | D:5      | Killed Eustachio
  3516 | D:5      | Reached skill level 7 in Fighting
  3536 | Temple   | Entered the Ecumenical Temple
  3662 | Temple   | Became a worshipper of Trog the Wrathful
  3744 | D:5      | Reached XP level 8. HP: 34/73 MP: 7/7
  3748 | D:5      | Found a runed door.
  3783 | D:5      | Got an ichor-stained ring mail
  3795 | D:5      | Identified the +3 ring mail "Musoeg" {Int+3} (You found it on level 5 of the Dungeon)
  3863 | D:5      | Noticed eyesofgods1's ghost (novice DsFi)
  4182 | D:6      | Reached * piety under Trog
  4188 | D:6      | Reached skill level 8 in Fighting
  4230 | D:6      | Noticed a two-headed ogre
  4239 | D:6      | Mangled by a two-headed ogre

Vault maps used:
D:1:      nagdon_arrival_double_spiral
D:2:      lemuel_round_altar, nicolae_overflow_crystal_walls, first_ration,
          uniq_robin
D:3:      lemuel_doored_altar, marbit_many_paths, kennysheep_generic_room_12
D:4:      grunt_gozag_breadcrumbs
D:5:      minmay_temple_entry_trees, ebering_ghost_reflecting_pool,
          uniq_eustachio
D:6:      okawaru_altar_gauntlet_db
Temple:   nicolae_temple_figure_zero

Skill      XL: |  1  2  3  4  5  6  7  8 |
---------------+-------------------------+-----
Fighting       | 4 5 6 7 8 |  8.2
Long Blades    | 3 4 5 6 7 |  7.4
Armour         | 4 5 6 |  6.1
Shields        | 4 5 6 |  6.1

Action                   |  1- 3 |  4- 6 |  7- 9 || total
-------------------------+-------+-------+-------++-------
Melee: Long sword        |    76 |   225 |    72 ||   373
       Headbutt          |    10 |    49 |    33 ||    92
       Falchion          |       |       |    51 ||    51
  Use: Potion            |       |     1 |       ||     1
       Scroll            |       |       |     9 ||     9
  Eat: Chunk             |       |     8 |     4 ||    12
Armor: Scale mail        |     7 |       |       ||     7
       Chain mail        |    25 |   124 |    60 ||   209
Dodge: Dodged            |    20 |    38 |    22 ||    80
Block: Shield            |    46 |   128 |    68 ||   242
       Rpst.: Long sword |     4 |    11 |     3 ||    18
       Falchion          |       |       |     2 ||     2

Table legend:
 A = Spawn XP
 B = Non-spawn XP
 C = Spawn XP percentage of total XP
 D = Spawn monster count
 E = Non-spawn monster count
 F = Spawn count percentage of total count
 G = Total turns spent on level
                    A         B        C        D         E        F      G
               +---------+---------+-------+---------+---------+-------+---------
         Total |       0 |    1980 |   0.0 |       0 |     148 |   0.0 |  4239
               +---------+---------+-------+---------+---------+-------+---------
           D:1 |       0 |      42 |   0.0 |       0 |      21 |   0.0 |   794
           D:2 |       0 |     210 |   0.0 |       0 |      49 |   0.0 |   795
           D:3 |       0 |      77 |   0.0 |       0 |      27 |   0.0 |  1043
           D:4 |       0 |     450 |   0.0 |       0 |      18 |   0.0 |   841
           D:5 |       0 |     965 |   0.0 |       0 |      28 |   0.0 |   564
           D:6 |       0 |     236 |   0.0 |       0 |       5 |   0.0 |    63
               +---------+---------+-------+---------+---------+-------+---------
